 Dungeon Crawl Stone Soup version 0.18-a0-1670-gb40d73e (webtiles) character file.

367816 dvd the Slingshot (level 22, -2/203 HPs)
             Began as a Hill Orc Fighter on Mar 30, 2016.
             Was a High Priest of Trog.
             Slain by a spriggan rider
             ... wielding a +0 spear
              (9 damage)
             ... while paralysed by a sphinx
             ... on level 2 of the Depths on Apr 1, 2016.
             The game lasted 04:26:20 (51496 turns).

dvd the Slingshot (Hill Orc Fighter)               Turns: 51496, Time: 04:26:21

Health: -2/203     AC: 28    Str: 34    XL:     22   Next: 59%
Magic:  7/7        EV:  2    Int: 16    God:    Trog [*****.]
Gold:   4458       SH:  0    Dex: 14    Spells: 0 memorised, 21 levels left

rFire  + . .     SeeInvis .     a - +9 broad axe (antimagic)
rCold  + . .     Gourm    .     G - +6 scale mail {MR+}
rNeg   + . .     Faith    .     L - -3 large shield of the Pleiades {rF+ rN+ Regen+ Int+3}
rPois  .         Spirit   .     c - +1 hat
rElec  .         Dismiss  .     R - +0 cloak of Museus {Int+5}
rCorr  .         Reflect  +     k - +2 pair of gloves {Str+3}
SustAt .         Harm     .     m - +2 pair of boots
MR     ++...     Rnd*Tele +     h - +4 amulet of reflection
Stlth  ..........               S - +6 ring of strength
                                i - ring of protection from cold

@: paralysed, lethally poisoned (-2 -> -3), about to teleport, very resistant to
hostile enchantments, extremely unstealthy
A: iridescent scales 1, robust 1, teleportitis 1
a: Berserk, Trog's Hand, Brothers in Arms, Burn Spellbooks, Renounce Religion
}: 2/15 runes: barnacled, gossamer


You were on level 2 of the Depths.
You worshipped Trog.
Trog was extremely pleased with you.
You were not hungry.

You visited 9 branches of the dungeon, and saw 41 of its levels.
You visited the Abyss 2 times.
You also visited: Ossuary and Volcano.

You collected 5229 gold pieces.
You spent 771 gold pieces at shops.

Inventory:

Hand Weapons
 a - a +9 antimagic broad axe (weapon)
 b - the +12 hunting sling "Bivex" {flame, +Blink rPois rN+}
   (You found it on level 6 of the Dungeon)

   It causes projectiles fired from it to burn those they strike, causing extra
   injury to most foes and up to half again as much damage against particularly
   susceptible opponents.
   It protects you from poison.
   It protects you from negative energy.
   It lets you blink.
 r - a +4 greatsling of freezing
 A - a +4 broad axe of venom
 I - a +2 vampiric broad axe
 M - the +1 flail "Viwacsol" {crush, rF+ MP+9 Str+3}
   (You found it on level 1 of the Elven Halls)

   It inflicts extra damage upon your enemies.
   It affects your strength (+3).
   It protects you from fire.
   It affects your magic capacity (+9).
Missiles
 u - 18 poisoned sling bullets
 C - 13 silver javelins
 E - 26 javelins of penetration (quivered)
 Y - 33 sling bullets
 Z - 1243 stones
Armour
 c - a +1 hat (worn)
 k - a +2 pair of gloves of strength (worn)
 l - a +4 scale mail of poison resistance
 m - a +2 pair of boots (worn)
 G - a +6 scale mail of magic resistance (worn)
 H - a +1 chain mail of cold resistance
 L - the -3 large shield of the Pleiades (worn) {rF+ rN+ Regen+ Int+3}
   (You took it off Louise on level 3 of the Shoals)

   It affects your intelligence (+3).
   It protects you from fire.
   It protects you from negative energy.
   It increases your rate of regeneration.
 R - the +0 cloak of Museus (worn) {Int+5}
   (You found it on level 13 of the Dungeon)

   It affects your intelligence (+5).
Jewellery
 h - a +4 amulet of reflection (around neck)
 i - a ring of protection from cold (left hand)
 D - an uncursed ring of protection from magic
 Q - a +5 ring of strength
 S - a +6 ring of strength (right hand)
 V - the ring of Voyklueps {Ice +Fly Str+4 Int+6 Dex-2}
   (You found it on level 2 of the Elven Halls)

   [ring of ice]

   It enhances your ice magic, and weakens your fire magic.
   It affects your strength (+4).
   It affects your intelligence (+6).
   It affects your dexterity (-2).
   It makes you vulnerable to fire.
   It protects you from cold.
   It lets you fly.
Wands
 p - a wand of iceblast (6/15)
 x - a wand of digging (15/24)
 y - a wand of acid (12/15)
 F - a wand of disintegration (22/24)
 N - a wand of lightning (12/15)
 O - a wand of heal wounds (7/9)
 U - a wand of hasting (4/9)
Scrolls
 d - 3 scrolls of blinking
 e - 7 scrolls of fog
 g - 15 scrolls of identify
 n - 5 scrolls of fear
 o - a scroll of teleportation
 q - 18 scrolls of remove curse
 B - 3 scrolls of magic mapping
 J - 3 scrolls of recharging
Potions
 j - 3 potions of cancellation
 s - 8 potions of heal wounds
 z - 6 potions of curing
 T - a potion of resistance
 W - 2 potions of cure mutation
 X - a potion of agility
Comestibles
 f - 18 bread rations
 t - 3 chunks of flesh
 v - a slice of pizza
 w - 16 meat rations


   Skills:
 + Level 13.2 Fighting
 + Level 16.5 Axes
 + Level 0.2(9.4) Maces & Flails
 + Level 22.8(22.9) Slings
 + Level 3.5(16.0) Throwing
 + Level 11.9 Armour
 + Level 11.5 Dodging
 - Level 1.2 Stealth
 * Level 18.3 Shields
 + Level 1.0 Evocations


You had 21 spell levels left.
You didn't know any spells.

Dungeon Overview and Level Annotations

Branches:
Dungeon (15/15)            Temple (1/1) D:4            Lair (8/8) D:9
 Shoals (4/4) Lair:3       Spider (4/4) Lair:4        Slime (0/6) Lair:6
    Orc (2/2) D:12            Elf (3/3) Orc:2        Vaults (2/5) D:14
  Crypt (0/3) Vaults:2     Depths (2/5) D:15

Altars:
Ashenzari
Cheibriados
Dithmenos
Elyvilon
Fedhas
Gozag
Kikubaaqudgha
Makhleb
Nemelex Xobeh
Okawaru
Pakellas
Qazlal
Ru
Sif Muna
Trog
Vehumet
Xom
Yredelemnul
Zin
The Shining One
Jiyva

Shops:
D:13 *   D:14 }   Orc:1 *   Orc:2 (}!%   Elf:2 *   Elf:3 (%}   Depths:1 (

Portals:
Hell: Depths:1 Depths:2
Abyss: Depths:1
Pandemonium: Orc:2 Depths:1

Annotations:
Vaults:2 Mara


Innate Abilities, Weirdness & Mutations

You are partially covered in iridescent scales (AC +4).
You are robust (+10% HP).
You are occasionally teleported next to monsters.


Message History

The death yak gores you!!
* * * LOW HITPOINT WARNING * * *
A jumping spider comes into view.
You feel sick.
The death yak gores you but does no damage.
The spriggan berserker hits you with a war axe!!
* * * LOW HITPOINT WARNING * * *
The spriggan rider hits you but does no damage. x2
The spriggan berserker hits you with a flail.
* * * LOW HITPOINT WARNING * * *
The sphinx hits you but does no damage. x3; The death yak barely misses you.
An entropy weaver comes into view.
You feel sick.
The spriggan berserker hits you with a war axe!
* * * LOW HITPOINT WARNING * * *
The jumping spider leaps!
The spriggan rider hits you from afar with a spear.
* * * LOW HITPOINT WARNING * * *
The spriggan rider hits you from afar with a spear!
You die...

#.. .#.p+
#..##s..#
#....s..#
##...P.§.###++
##.....s.......
#.......P......
#..P.∩.H.....#
#.....@..P.#
#...∩iiiYi..#
#....∩.........
#......P...#.#.
##.........# #
##..#..#.##
#########


You could see a sphinx, a death yak (berserk), an entropy weaver, 2 spriggan
riders, 2 spriggan berserkers, 2 jumping spiders and a redback.

Vanquished Creatures
  Saint Roka (Elf:3)
  A profane servitor (Abyss:3)
  A bone dragon (Abyss:3)
  Arachne (Spider:4)
  Rupert (D:15)
  2 deep elf blademasters (Elf:3)
  A deep elf master archer (Elf:3)
  An eldritch tentacle (Vaults:1)
  2 tentacled starspawn (Abyss:3)
  A kraken (Shoals:1)
  A fire giant (Depths:1)
  Ilsuiw (Shoals:4)
  5 deep elf sorcerers
  4 ghost moths
  Aizul (Spider:4)
  An orc warlord (Orc:2)
  Donald (Spider:2)
  Louise (Shoals:3)
  4 emperor scorpions
  A balrug (Depths:1)
  6 vault wardens
  A cacodemon (Abyss:3)
  A ghoul (Vaults:2)
  2 deep elf elementalists (Elf:3)
  A war gargoyle (D:11)
  3 salamander stormcallers
  4 stone giants
  5 ironheart preservers
  5 very ugly things
  A vampire knight (Depths:1)
  9 deep elf annihilators
  5 deep elf demonologists
  Azrael (Spider:3)
  2 ettins
  3 spark wasps (Spider:4)
  10 deep elf death magi
  4 merfolk javelineers
  Snorg (D:13)
  Josephine (Orc:2)
  3 deep elf high priests (Elf:3)
  4 vault guards
  6 fire dragons
  7 merfolk impalers
  An entropy weaver (Spider:2)
  6 yaktaur captains
  An ice dragon (Vaults:2)
  8 centaur warriors
  6 hydras
  An alligator snapping turtle (Shoals:3)
  9 ogre magi
  Erica (D:9)
  33 dancing weapons
  5 merfolk aquamancers
  4 hell hogs (Abyss:3)
  4 deep troll shamans (Depths:1)
  A titan zombie (D:15)
  2 deep troll earth magi (Depths:1)
  7 orc high priests
  A shock serpent (shapeshifter) (D:14)
  A death knight (D:15)
  A thrashing horror (Abyss:3)
  6 tengu warriors
  A vampire mage (Depths:1)
  A soul eater (Orc:2)
  A shadow wraith (Vaults:1)
  19 deep elf knights
  2 sun demons (Depths:1)
  A fire crab (Vaults:2)
  A wretched star (Abyss:3)
  A wizard (Vaults:1)
  An iron troll (Depths:1)
  12 skeletal warriors
  4 unseen horrors
  9 deep trolls (Depths:1)
  A death drake (Vaults:1)
  A sea snake (shapeshifter) (Vaults:1)
  3 giant orange brains
  7 sea snakes
  A gelid demonspawn (Depths:1)
  8 deep elf archers
  An infernal demonspawn (Orc:2)
  5 ironbrand convokers
  A putrid demonspawn (Orc:2)
  5 hill giants
  3 necromancers
  Pikel (D:4)
  32 wolf spiders
  13 orb spiders
  11 orc knights
  A torturous demonspawn (Depths:1)
  20 harpies
  2 phantasmal warriors (D:15)
  20 ugly things
  10 fauns
  8 orc sorcerers
  An iron dragon zombie (Abyss:3)
  2 mana vipers (Vaults:1)
  11 manticores
  11 cyclopes
  10 hornets
  62 deep elf magi
  10 griffons
  2 moths of wrath
  7 salamanders
  A cyclops (shapeshifter) (Elf:2)
  A worldbinder (Abyss:3)
  A griffon (shapeshifter) (Elf:3)
  9 sirens
  A rust devil (Depths:1)
  3 black mambas
  11 elephants
  4 vault sentinels
  A guardian serpent (shapeshifter) (Vaults:2)
  An ice statue (D:11)
  8 water nymphs
  Maurice (D:9)
  A molten gargoyle (Lair:3)
  A guardian serpent (D:12)
  3 naga magi (Vaults:1)
  A torpor snail (Spider:1)
  3 orange demons
  3 gargoyles
  13 spiny frogs
  A kobold demonologist (D:15)
  2 hellions
  14 yaktaurs
  A yaktaur zombie (D:15)
  13 demonic crawlers
  7 komodo dragons
  A hellwing (Orc:2)
  An ancient zyme (Abyss:3)
  29 merfolk
  3 freezing wraiths
  A spriggan druid (Lair:8)
  4 trolls
  2 tengu conjurers
  2 wind drakes
  A jumping spider (shapeshifter) (Vaults:2)
  31 jumping spiders
  8 polar bears (Lair:8)
  19 two-headed ogres
  A two-headed ogre (shapeshifter) (Elf:3)
  25 blink frogs
  A deep troll zombie (D:15)
  25 slime creatures
  A slime creature (shapeshifter) (D:11)
  An ettin zombie (D:15)
  6 snapping turtles (Shoals:4)
  Grinder (D:4)
  4 raiju (Abyss:3)
  3 boulder beetles
  A raiju (shapeshifter) (Depths:1)
  A centaur simulacrum (D:15)
  Sigmund (D:3)
  11 water elementals
  A shadow (D:15)
  2 ynoxinuls
  A large abomination (Abyss:3)
  59 redbacks
  5 wraiths
  3 air elementals (Elf:3)
  10 spriggans (Lair:8)
  A spriggan (shapeshifter) (Depths:1)
  A tarantella (shapeshifter) (Vaults:2)
  21 tarantellas
  45 yaks
  12 wyverns
  5 fire bats (Volcano)
  A fire bat (shapeshifter) (Elf:2)
  Grum (D:9)
  2 steam dragons (Volcano)
  4 basilisks
  5 fire elementals
  13 vampire mosquitoes
  16 hippogriffs
  4 hungry ghosts
  2 neqoxecs
  Menkaure (D:4)
  4 mottled dragons
  A spatial vortex (Vaults:1)
  5 wargs
  3 insubstantial wisps (Vaults:1)
  A soldier ant (D:14)
  Duvessa (D:5)
  23 porcupines
  3 hell hounds (Spider:3)
  13 water moccasins
  6 ice beasts
  35 orc warriors
  An ettin simulacrum (Vaults:1)
  2 sky beasts
  6 black bears
  4 slaves
  5 necrophages (D:9)
  17 wasps
  31 wolves
  A phantom (D:3)
  A boggart (Vaults:2)
  9 centaurs
  32 ogres
  18 crocodiles
  25 giant frogs
  A gnoll sergeant (D:7)
  A wyvern zombie (D:9)
  Dowan (D:5)
  4 earth elementals
  A small abomination (Abyss:3)
  A troll zombie (Ossuary)
  3 scorpions
  A water moccasin skeleton (D:4)
  2 wyvern skeletons
  An orc simulacrum (Vaults:1)
  17 killer bees
  10 wights (D:9)
  A vampire bat (Vaults:1)
  10 howler monkeys
  2 electric eels
  4 centaur zombies
  A lava snake (Lair:3)
  9 crimson imps
  7 jellies
  A quasit (Abyss:3)
  4 giant frog zombies
  6 hounds
  A wasp zombie (D:10)
  4 giant frog skeletons
  3 iron imps (Depths:1)
  27 orc priests
  17 orc wizards
  Crazy Yiuf (D:5)
  3 centaur skeletons
  A gnoll shaman (Orc:2)
  Jessica (D:3)
  10 iguanas
  Natasha (thrice) (D:3)
  15 worker ants
  A killer bee zombie (D:8)
  14 sheep
  A big kobold zombie (Ossuary)
  2 ogre zombies (Ossuary)
  2 hound zombies
  A hound skeleton (D:7)
  9 mummies
  Robin (D:3)
  10 adders
  16 gnolls
  36 river rats
  4 shadow imps
  A white imp (Depths:1)
  An ufetubus (Depths:1)
  3 oozes
  2 adder skeletons
  9 adder zombies
  7 worms
  A dart slug (D:4)
  4 giant geckos
  78 orcs
  6 giant cockroaches
  15 goblins
  4 hobgoblins
  15 jackals
  2 kobolds (D:1)
  6 quokkas
  A ball python (D:1)
  8 bats
  A giant gecko skeleton (D:9)
  7 giant newts
  2 gnoll zombies (Ossuary)
  A goblin zombie (Ossuary)
  6 hobgoblin zombies (Ossuary)
  A jackal skeleton (D:4)
  5 kobold zombies (Ossuary)
  A quokka skeleton (D:9)
  4 quokka zombies (Ossuary)
  7 rats
  A rat zombie (Ossuary)
  2 crawling corpses (Elf:3)
  8 fungi
  22 plants
  3 starspawn tentacles (Abyss:3)
  3 withered plants
1797 creatures vanquished.

Vanquished Creatures (collateral kills)
  2 redbacks (Spider:4)
2 creatures vanquished.

Vanquished Creatures (others)
  A deep elf master archer (Elf:3)
  Nessos (D:13)
  A satyr (Shoals:3)
  Urug (D:15)
  2 deep elf knights
  Sonja (Lair:2)
  4 deep elf archers
  A deep elf mage (Elf:2)
  A faun (Shoals:3)
  2 cyclopes (Shoals:1)
  7 yaktaurs
  2 merfolk (Shoals:3)
  A redback (Vaults:2)
  A hog (Vaults:1)
  An orc warrior (Orc:2)
  8 centaurs
  An orc (Orc:2)
  1156 eldritch tentacle segments (Vaults:1)
  12 fungi
  17 plants
  3 starspawn tentacles (Abyss:3)
  6 starspawn tentacle segments (Abyss:3)
  16 tentacles (Shoals:1)
  715 tentacle segments (Shoals:1)
1961 creatures vanquished.

Grand Total: 3760 creatures vanquished

Notes
Turn   | Place    | Note
--------------------------------------------------------------
     0 | D:1      | dvd the Hill Orc Fighter began the quest for the Orb.
     0 | D:1      | Reached XP level 1. HP: 19/19 MP: 1/1
    88 | D:1      | Reached XP level 2. HP: 18/27 MP: 2/2
   888 | D:2      | Reached XP level 3. HP: 33/33 MP: 3/3
  1240 | D:3      | Found a shimmering altar of Xom.
  1247 | D:3      | Noticed Robin
  1250 | D:3      | Noticed Natasha
  1284 | D:3      | Reached XP level 4. HP: 20/40 MP: 4/4
  1288 | D:3      | Killed Robin
  1355 | D:3      | Killed Natasha
  1483 | D:3      | Noticed Sigmund
  1501 | D:3      | Killed Sigmund
  1501 | D:3      | Reached skill level 1 in Dodging
  1501 | D:3      | Reached XP level 5. HP: 35/47 MP: 5/5
  1501 | D:3      | Reached XP level 6. HP: 40/53 MP: 6/6
  1610 | D:3      | Noticed Jessica
  1621 | D:3      | Killed Jessica
  1660 | D:3      | Noticed Natasha
  1669 | D:3      | Killed Natasha
  1785 | D:3      | Noticed Natasha
  1791 | D:3      | Killed Natasha
  1791 | D:3      | Reached skill level 5 in Shields
  2271 | D:4      | Noticed Menkaure
  2277 | D:4      | Killed Menkaure
  2277 | D:4      | Reached skill level 5 in Axes
  2277 | D:4      | Reached skill level 5 in Armour
  2277 | D:4      | Reached XP level 7. HP: 30/60 MP: 7/7
  2519 | D:4      | Found a sand-covered staircase.
  2528 | Ossuary  | Entered an ossuary
  2611 | Ossuary  | Reached skill level 5 in Fighting
  2672 | Ossuary  | Gained mutation: You are robust (+10% HP). [potion of mutation]
  2672 | Ossuary  | Gained mutation: Your body sometimes deteriorates upon taking damage. [potion of mutation]
  3025 | Ossuary  | HP: 2/67 [mummy (13)]
  3515 | Ossuary  | Reached XP level 8. HP: 40/74 MP: 8/8
  3549 | Ossuary  | Gained mutation: Your body often deteriorates upon taking damage. [potion of mutation]
  3549 | Ossuary  | Gained mutation: You are agile. (Dex +2) [potion of mutation]
  3549 | Ossuary  | Gained mutation: Your mind is acute. (Int +2) [potion of mutation]
  3550 | Ossuary  | Gained mutation: You are weak. (Str -2) [potion of mutation]
  3550 | Ossuary  | Gained mutation: You are partially covered in iridescent scales (AC +4). [potion of mutation]
  3972 | D:4      | Noticed Pikel
  3973 | D:4      | Noticed Grinder
  4272 | D:4      | Found a staircase to the Ecumenical Temple.
  4392 | D:4      | Paralysed by Grinder for 6 turns
  4410 | D:4      | Killed Grinder
  4552 | D:4      | Killed Pikel
  4552 | D:4      | Reached XP level 9. HP: 27/85 MP: 9/9
  4676 | Temple   | Entered the Ecumenical Temple
  4783 | D:5      | Entered Level 5 of the Dungeon
  5129 | D:5      | Noticed Dowan
  5130 | D:5      | Noticed Duvessa
  5159 | D:5      | Killed Duvessa
  5171 | D:5      | Killed Dowan
  5451 | D:5      | Noticed Crazy Yiuf
  5458 | D:5      | Killed Crazy Yiuf
  5694 | D:5      | Found a shadowy altar of Dithmenos.
  6119 | D:6      | Identified a scroll of acquirement
  6294 | D:6      | Got a warped hunting sling
  6295 | D:6      | Identified the +12 hunting sling "Bivex" {flame, +Blink rPois rN+} (You found it on level 6 of the Dungeon)
  6861 | D:6      | Reached skill level 1 in Slings
  7434 | D:7      | Found a bloodstained altar of Trog.
  7438 | D:7      | Reached skill level 2 in Slings
  7438 | D:7      | Reached skill level 1 in Stealth
  7438 | D:7      | Reached XP level 10. HP: 94/94 MP: 10/10
  7538 | D:7      | Reached skill level 3 in Slings
  7862 | D:7      | Found a white marble altar of Elyvilon.
  8276 | D:8      | Reached skill level 5 in Dodging
  8470 | D:8      | Reached skill level 4 in Slings
  8942 | D:8      | Reached skill level 5 in Slings
  9024 | D:7      | Became a worshipper of Trog the Wrathful
  9046 | D:7      | Lost mutation: You are weak. (Str -2) [potion of cure mutation]
  9046 | D:7      | Lost mutation: You are agile. (Dex +2) [potion of cure mutation]
  9046 | D:7      | Lost mutation: Your body often deteriorates upon taking damage. [potion of cure mutation]
  9046 | D:7      | Lost mutation: Your mind is acute. (Int +2) [potion of cure mutation]
  9046 | D:7      | Lost mutation: Your body sometimes deteriorates upon taking damage. [potion of cure mutation]
  9140 | D:9      | Noticed Maurice
  9215 | D:9      | Found a staircase to the Lair.
  9317 | D:9      | Reached XP level 11. HP: 98/101 MP: 11/11
  9376 | D:9      | Reached * piety under Trog
  9484 | D:9      | Noticed Erica
  9490 | D:9      | Killed Erica
  9490 | D:9      | Reached skill level 10 in Axes
  9490 | D:9      | Reached skill level 6 in Slings
  9743 | D:9      | Found a basalt altar of Yredelemnul.
  9760 | D:9      | Found a radiant altar of Vehumet.
  9761 | D:9      | Found a sacrificial altar of Ru.
  9765 | D:9      | Found a glowing golden altar of the Shining One.
  9767 | D:9      | Found a shimmering altar of Xom.
  9768 | D:9      | Found a deep blue altar of Sif Muna.
  9779 | D:9      | Noticed Grum
  9797 | D:9      | Killed Grum
  9880 | D:9      | Killed Maurice
 10122 | D:9      | Found an iron altar of Okawaru.
 10331 | Lair:1   | Entered Level 1 of the Lair of Beasts
 10344 | Lair:1   | Reached skill level 7 in Slings
 10429 | Lair:1   | Reached ** piety under Trog
 10790 | Lair:1   | Reached skill level 8 in Slings
 11088 | Lair:2   | Noticed an eight-headed hydra
 11089 | Lair:2   | Reached XP level 12. HP: 113/113 MP: 12/12
 11096 | Lair:2   | Killed an eight-headed hydra
 11096 | Lair:2   | Reached skill level 9 in Slings
 11245 | Lair:2   | Noticed Sonja
 11250 | Lair:2   | Killed Sonja
 11361 | Lair:2   | Reached skill level 10 in Slings
 11365 | Lair:2   | Reached *** piety under Trog
 11680 | Lair:2   | Received a gift from Trog
 12051 | Lair:3   | Reached skill level 11 in Slings
 12052 | Lair:3   | Found a staircase to the Shoals.
 12288 | Lair:3   | Reached skill level 10 in Shields
 12345 | Lair:3   | Reached XP level 13. HP: 111/121 MP: 13/13
 12439 | Lair:3   | Received a gift from Trog
 13204 | Lair:4   | Found a hole to the Spider Nest.
 13324 | Lair:4   | Reached skill level 12 in Slings
 13444 | Lair:4   | Reached **** piety under Trog
 13995 | Lair:4   | Received a gift from Trog
 15247 | Lair:6   | Found a viscous altar of Jiyva.
 15248 | Lair:6   | Found a staircase to the Slime Pits.
 15362 | Lair:6   | Reached skill level 13 in Slings
 16002 | Lair:7   | Reached ***** piety under Trog
 16144 | Lair:7   | Found a dark tunnel.
 16198 | Volcano  | Entered a volcano
 16445 | Volcano  | Reached XP level 14. HP: 86/129 MP: 14/14
 17222 | Lair:7   | Received a gift from Trog
 17458 | Lair:7   | Found a bloodstained altar of Trog.
 18160 | Lair:8   | Entered Level 8 of the Lair of Beasts
 18246 | Lair:8   | Reached skill level 14 in Slings
 18363 | Lair:8   | Received a gift from Trog
 18375 | Lair:8   | Got a crude quarterstaff {god gift}
 18392 | Lair:8   | Identified the +4 quarterstaff of Division {flame, Stlth+} (Trog gifted it to you on level 8 of the Lair of Beasts)
 19447 | Spider:1 | Entered Level 1 of the Spider Nest
 19625 | Spider:1 | Received a gift from Trog
 19633 | Spider:1 | HP: 6/130 [poisoned by a wolf spider]
 20157 | Spider:1 | Reached skill level 15 in Slings
 20361 | Spider:1 | Reached XP level 15. HP: 138/138 MP: 15/15
 20384 | Spider:1 | Reached ****** piety under Trog
 20802 | Spider:2 | Received a gift from Trog
 20831 | Spider:2 | Noticed Donald
 20854 | Spider:2 | Killed Donald
 21568 | Spider:3 | Received a gift from Trog
 22079 | Spider:3 | Received a gift from Trog
 22079 | Spider:3 | Reached skill level 16 in Slings
 22114 | Spider:3 | Noticed Azrael
 22139 | Spider:3 | Killed Azrael
 22329 | Spider:4 | Entered Level 4 of the Spider Nest
 22690 | Spider:4 | Noticed Aizul
 22727 | Spider:4 | Killed Aizul
 23316 | Spider:4 | Reached skill level 10 in Fighting
 23530 | Spider:4 | Noticed an emperor scorpion
 23557 | Spider:4 | Killed an emperor scorpion
 23782 | Spider:4 | Reached XP level 16. HP: 147/147 MP: 16/16
 23893 | Spider:4 | Got a pair of encrusted gloves
 23904 | Spider:4 | Identified the +0 pair of gloves of Elyvilon's Regard {+Fly rF+ Int-2} (You found it on level 4 of the Spider Nest)
 23951 | Spider:4 | Received a gift from Trog
 24428 | Spider:4 | Reached skill level 17 in Slings
 24623 | Spider:4 | Noticed Arachne
 24658 | Spider:4 | Killed Arachne
 24658 | Spider:4 | Reached skill level 10 in Armour
 25240 | D:10     | Entered Level 10 of the Dungeon
 26032 | D:10     | Received a gift from Trog
 26376 | D:11     | Received a gift from Trog
 26706 | D:11     | Found a large runed door.
 26713 | D:11     | Found a large runed door.
 26770 | D:11     | Found a white marble altar of Elyvilon.
 26910 | D:11     | Found a stormy altar of Qazlal.
 27348 | D:12     | Found a staircase to the Orcish Mines.
 27447 | D:12     | Received a gift from Trog
 28084 | Orc:1    | Entered Level 1 of the Orcish Mines
 28088 | Orc:1    | Found Ijeafuoh's Assorted Antiques.
 28313 | Orc:2    | Entered Level 2 of the Orcish Mines
 28556 | Orc:2    | Noticed Josephine
 28561 | Orc:2    | Killed Josephine
 28976 | Orc:2    | Found a staircase to the Elven Halls.
 29149 | Orc:2    | Gained mutation: You are occasionally teleported next to monsters. [a neqoxec]
 29191 | Orc:2    | Found Puqodopo's Food Emporium.
 29212 | Orc:2    | Found Reaxt's Distillery.
 29355 | Orc:2    | Received a gift from Trog
 29390 | Orc:2    | Reached skill level 18 in Slings
 29568 | Orc:2    | Received a gift from Trog
 29568 | Orc:2    | Reached XP level 17. HP: 131/155 MP: 17/17
 29643 | Orc:2    | Found Qobbata's Gadget Boutique.
 29643 | Orc:2    | Found Kuevy's Antique Weapon Shop.
 29644 | Orc:2    | Found a one-way gate leading to the halls of Pandemonium.
 30023 | D:13     | Got a fine cloak
 30046 | D:13     | Identified the +0 cloak of Museus {Int+5} (You found it on level 13 of the Dungeon)
 30118 | D:13     | Received a gift from Trog
 30195 | D:13     | Noticed Nessos
 30200 | D:13     | Killed Nessos
 30248 | D:13     | Found Faacza's General Store.
 30258 | D:13     | Bought a wand of hasting (2/9) for 576 gold pieces
 30641 | D:13     | Noticed Snorg
 30647 | D:13     | Killed Snorg
 30754 | D:14     | Found Asoel's Gadget Boutique.
 30770 | D:14     | Received a gift from Trog
 31167 | D:14     | Found a glowing golden altar of the Shining One.
 31463 | D:14     | Reached skill level 1 in Throwing
 31755 | D:14     | Found a gate to the Vaults.
 32158 | Shoals:1 | Entered Level 1 of the Shoals
 32621 | Shoals:1 | Received a gift from Trog
 32714 | Shoals:1 | Noticed a kraken
 32782 | Shoals:1 | Killed a kraken
 33160 | Shoals:1 | Received a gift from Trog
 33511 | Shoals:2 | Received a gift from Trog
 33669 | Shoals:2 | Reached skill level 19 in Slings
 34657 | Shoals:3 | Reached XP level 18. HP: 128/163 MP: 18/18
 35103 | Shoals:3 | Noticed Louise
 35121 | Shoals:3 | Killed Louise
 35124 | Shoals:3 | Got a brightly glowing large shield
 35140 | Shoals:3 | Identified the -3 large shield of the Pleiades {rF+ rN+ Regen+ Int+3} (You took it off Louise on level 3 of the Shoals)
 35580 | Shoals:4 | Entered Level 4 of the Shoals
 35684 | Shoals:4 | Received a gift from Trog
 35823 | Shoals:4 | Got a barnacled rune of Zot
 36259 | Shoals:4 | Noticed Ilsuiw
 36456 | Shoals:4 | Killed Ilsuiw
 36770 | Shoals:4 | Identified Zune's Papyrus of Snow
 36883 | Shoals:4 | Received a gift from Trog
 37373 | Spider:4 | Reached skill level 20 in Slings
 37562 | Spider:4 | Got a gossamer rune of Zot
 37747 | Spider:4 | Received a gift from Trog
 38115 | D:15     | Entered Level 15 of the Dungeon
 38298 | D:15     | Noticed Urug
 38299 | D:15     | Noticed Rupert
 38301 | D:15     | Killed Urug
 38311 | D:15     | Killed Rupert
 38366 | D:15     | Found a staircase to the Depths.
 38690 | D:15     | Reached XP level 19. HP: 172/172 MP: 19/19
 38919 | D:15     | Found an oddly glowing altar of Pakellas.
 38936 | D:15     | Reached skill level 10 in Dodging
 39132 | D:15     | Upgraded the game from 0.18-a0-1655-ge2d8d33 to 0.18-a0-1670-gb40d73e
 39183 | Vaults:1 | Entered Level 1 of the Vaults
 39643 | Vaults:1 | Received a gift from Trog
 39664 | Vaults:1 | Reached skill level 15 in Shields
 40056 | Vaults:1 | Received a gift from Trog
 40544 | Vaults:1 | Reached skill level 21 in Slings
 40934 | Vaults:1 | Received a gift from Trog
 41864 | Vaults:2 | Reached XP level 20. HP: 88/182 MP: 6/20
 42146 | Vaults:2 | Received a gift from Trog
 42434 | Vaults:2 | Identified the Tome of the Cuttlefish
 42447 | Vaults:2 | Found a staircase to the Crypt.
 42447 | Vaults:2 | Found a basalt altar of Yredelemnul.
 42448 | Vaults:2 | Found an ancient bone altar of Kikubaaqudgha.
 42690 | Vaults:2 | Noticed Mara
 42702 | Vaults:2 | Noticed dvd's illusion
 43184 | Elf:1    | Entered Level 1 of the Elven Halls
 43515 | Elf:1    | Received a gift from Trog
 43586 | Elf:1    | Received a gift from Trog
 43705 | Elf:1    | Got an encrusted flail
 43706 | Elf:1    | Identified the cursed +1 flail "Viwacsol" {crush, rF+ MP+9 Str+3} (You found it on level 1 of the Elven Halls)
 44034 | Elf:1    | You fall through a shaft!
 44041 | Elf:2    | Found a runed gate.
 44041 | Elf:2    | Found a runed gate.
 44041 | Elf:2    | Found a runed gate.
 44210 | Elf:2    | Received a gift from Trog
 44263 | Elf:2    | Got an ancient gossamer ring
 44265 | Elf:2    | Identified the ring of Voyklueps {Ice +Fly Str+4 Int+6 Dex-2} (You found it on level 2 of the Elven Halls)
 44450 | Elf:2    | Found Onum's Assorted Antiques.
 44569 | Elf:2    | Received a gift from Trog
 44573 | Elf:2    | Reached skill level 22 in Slings
 45122 | Elf:2    | Received a gift from Trog
 45255 | Elf:2    | Bought a scroll of enchant weapon for 195 gold pieces
 45478 | Elf:1    | Reached XP level 21. HP: 145/191 MP: 21/21
 45698 | Elf:3    | Entered Level 3 of the Elven Halls
 45828 | Elf:3    | Cast into level 3 of the Abyss (a deep elf demonologist)
 45828 | Abyss:3  | Found a corrupted altar of Lugonu.
 45831 | Abyss:3  | Noticed a bone dragon
 45887 | Abyss:3  | Killed a bone dragon
 45975 | Abyss:3  | Received a gift from Trog
 46067 | Abyss:3  | Noticed a profane servitor
 46077 | Abyss:3  | Reached skill level 15 in Axes
 46090 | Abyss:3  | Killed a profane servitor
 46114 | Elf:3    | Escaped the Abyss
 46118 | Elf:3    | Noticed a Tzitzimitl
 46173 | Elf:3    | Received a gift from Trog
 46415 | Elf:3    | Cast into level 3 of the Abyss (a deep elf sorcerer)
 46455 | Elf:3    | Escaped the Abyss
 46517 | Elf:3    | Got an uncursed crystal falchion {holy}
 46557 | Elf:3    | Identified the +2 falchion "Ithrumim" {holy, rN+++ MP-9 Str-5 Dex+5} (You took it off a deep elf archer on level 3 of the Elven Halls)
 47415 | Elf:3    | Received a gift from Trog
 47680 | Elf:3    | Reached skill level 1 in Evocations
 48056 | Elf:3    | Found Sirgh's Gadget Shop.
 48164 | Elf:3    | Found Unogy's Food Shoppe.
 48178 | Elf:3    | Found Pof Kuam's Antique Weapon Shop.
 48179 | Elf:3    | Noticed Saint Roka
 48391 | Elf:3    | Killed Saint Roka
 48709 | Orc:2    | Received a gift from Trog
 48911 | Vaults:2 | Reached XP level 22. HP: 178/202 MP: 22/22
 49138 | Vaults:2 | Noticed dvd's illusion
 49389 | Depths:1 | Entered Level 1 of the Depths
 49425 | Depths:1 | Found a burning altar of Makhleb.
 49584 | Depths:1 | Received a gift from Trog
 49856 | Depths:1 | Found Ciweum's Weapon Shoppe.
 50105 | Depths:1 | Found a one-way gate to the infinite horrors of the Abyss.
 50939 | Depths:1 | Found a gateway to Hell.
 51482 | Depths:2 | Received a gift from Trog
 51494 | Depths:2 | Paralysed by a sphinx for 6 turns
 51496 | Depths:2 | HP: 7/203 [spriggan rider/spear (4)]
 51496 | Depths:2 | Slain by a spriggan rider

Vault maps used:
D:1:      matt_arrival_refuge, amethyst_killhole
D:2:      first_bread, minmay_misc_feat_four_crosses
D:3:      supply_closet_lemuel, xom_teletrap_fun, uniq_jessica, uniq_natasha,
          uniq_robin, uniq_sigmund
D:4:      minmay_temple_entry_glassed_door,
          nicolae_ossuary_entry_false_entrances, nicolae_underground_beach,
          uniq_menkaure, uniq_grinder, uniq_pikel
D:5:      nicolae_dithmenos_through_a_glass_darkly, uniq_crazy_yiuf_cottage,
          uniq_duvessa
D:7:      bloody_trog, elyvilon_altar_4, grunt_ministairs_12
D:9:      lemuel_coloured_pillars_altar, grunt_temple_overflow_open,
          dpeg_lair_monsters, basic_altar, serial_undead, serial_undead_a,
          serial_undead_e, serial_undead_a, serial_undead_f, serial_undead_a,
          serial_undead_f, serial_undead_f, uniq_erica, uniq_maurice, uniq_grum
D:10:     grunt_ogre_cave, billiards_dpeg
D:11:     minmay_statue_hallways, jmf_multi_god_temple2
D:12:     orc_0_dummy, nrook_guardian_serpent_ordinary
D:13:     serial_shops, shop, st_stairs_10, uniq_snorg, uniq_nessos
D:14:     david_vaults_5, serial_shops, shop, tso_metal_star, minivault_24
D:15:     gammafunk_depths_entry_grave, lemuel_doored_altar, uniq_urug,
          uniq_rupert
Temple:   zaba_magenta_temple_12
Lair:1:   infiniplex_staircase_pool_2
Lair:2:   grunt_megastairs_5, uniq_sonja
Lair:3:   minmay_shoals_entry_beasts
Lair:4:   spider_nest_entry_rubble
Lair:5:   grunt_megastairs_3
Lair:6:   slime_altar_1
Lair:7:   nicolae_volcano_entry_lava_flow, basic_altar, st_stairs_7
Lair:8:   minmay_lair_end_enchanted_forest
Shoals:1: st_cyclops
Shoals:2: nicolae_shoals_loop_pool
Shoals:3: uniq_louise
Shoals:4: shoals_end_grunt_ice, shoals_ilsuiw_ice
Spider:1: spider_trap
Spider:2: hive_lemuel, uniq_donald
Spider:3: uniq_azrael
Spider:4: spider_rune_water, uniq_arachne, uniq_aizul
Orc:1:    nicolae_orc_accident_1, serial_shops, shop
Orc:2:    pf_orc_diabolical, uniq_josephine
Elf:1:    elf_arrival_001, minmay_elf_annihilation
Elf:2:    serial_shops, shop
Elf:3:    elf_hall_gauntlet_wide, serial_shops, shop_fountains,
          nicolae_shop_stone, shop, grunt_megastairs_2, uniq_saint_roka
Vaults:1: hangedman_vaults_corner_blocks, hangedman_vaults_snaps,
          nicolae_vaults_shelves_hall, nicolae_vaults_three_branches,
          hangedman_vaults_pinch, nicolae_vaults_shelves_hall,
          serial_hangedman_research, hangedman_research_quantum,
          hangedman_research_toxicology, hangedman_research_metamorphosis
Vaults:2: hangedman_vaults_maws, nicolae_vaults_murderbox,
          nicolae_vaults_what_the_h, vaults_mumra_minichess,
          minmay_crypt_entry_necro_gods, v_misc_3, uniq_mara
Depths:1: lightli_too_deep, abyss_entry, serial_shops,
          nicolae_shop_temple_entry_statues_fountains,
          grunt_pan_entry_in_and_out, minmay_misc_feat_ornament,
          nrook_pool_corridor, kennysheep_flooded_box, minmay_variable_closet,
          minmay_misc_feat_iff, st_stairs_10, kennysheep_generic_room_15,
          grunt_megastairs_4, serial_bayou_shore_b
Depths:2: hangedman_slaughterboxes, hell_entry
Abyss:3:  evilmike_abyss_rune_curve
Ossuary:  ossuary_boxes_badplayer
Volcano:  pf_volcano_lost_world

Skill      XL: |  1  2  3  4  5  6  7  8  9 10 11 12 13 14 15 16 17 18 19 20 21 22 |
---------------+-------------------------------------------------------------------+-----
Axes           | 3 4 5 7 9 10 11 12 13 14 15 16 | 16.5
Armour         | 4 5 6 7 8 9 10 11 | 11.9
Fighting       | 4 5 6 7 8 9 10 11 12 13 | 13.2
Shields        | 4 5 7 8 9 10 11 12 14 15 16 17 18 | 18.3
Dodging        | 1 2 3 4 5 6 7 8 9 10 11 | 11.5
Slings         | 2 5 8 11 13 15 16 18 19 20 21 22 | 22.8
Stealth        | 1 |  1.2
Throwing       | 1 2 3 |  3.5
Evocations     | 1 |  1.0
Maces & Flails | |  0.2

Action                   |  1- 3 |  4- 6 |  7- 9 | 10-12 | 13-15 | 16-18 | 19-21 | 22-24 || total
-------------------------+-------+-------+-------+-------+-------+-------+-------+-------++-------
Melee: War axe           |    96 |   130 |   482 |   147 |   247 |   275 |    47 |       ||  1424
       Hunting sling     |       |       |       |     2 |       |     5 |     4 |       ||    11
       Flail             |       |       |       |    17 |       |       |       |       ||    17
       Broad axe         |       |       |       |       |       |    65 |   548 |   310 ||   923
 Fire: Hunting sling     |       |       |    57 |   476 |  1193 |  1680 |  1101 |   163 ||  4670
       Greatsling        |       |       |       |       |       |       |       |     1 ||     1
Throw: Tomahawk          |       |       |     5 |     4 |     3 |    19 |       |       ||    31
       Javelin           |       |       |       |       |       |    27 |    54 |    16 ||    97
Invok: Burn Spellbooks   |       |       |       |     1 |     1 |     1 |    11 |     1 ||    15
       Berserk           |       |       |       |       |     2 |     1 |       |       ||     3
       Trog's Hand       |       |       |       |       |     3 |     7 |    12 |     3 ||    25
       Brothers in Arms  |       |       |       |       |       |     1 |       |       ||     1
 Abil: Evoke Blink       |       |       |       |       |     4 |       |       |       ||     4
Evoke: Wand              |       |       |       |       |     4 |       |     2 |     1 ||     7
  Use: Potion            |       |     2 |    12 |     6 |     4 |    13 |     5 |     1 ||    43
       Scroll            |       |       |    13 |     9 |     9 |    12 |    12 |     4 ||    59
  Eat: Chunk             |     1 |     4 |    11 |    16 |    25 |    38 |    21 |     4 ||   120
       Beef jerky        |       |       |     1 |       |     1 |     1 |     1 |     1 ||     5
       Meat ration       |       |       |     1 |       |     2 |       |       |       ||     3
       Fruit             |       |       |       |       |     3 |     6 |     3 |       ||    12
       Pizza             |       |       |       |       |     1 |       |     1 |       ||     2
       Royal jelly       |       |       |       |       |       |       |     1 |       ||     1
       Bread ration      |       |       |       |       |       |       |     1 |     1 ||     2
